 Dungeon Crawl Stone Soup version 0.21.1-1-g345015fe64 (webtiles) character file.

55 DildoBatman the Sneak (level 4, -1/35 HPs)
             Began as a Formicid Enchanter on Feb 26, 2018.
             Slain by a gnoll
             ... wielding a +0 whip
              (5 damage)
             ... on level 1 of the Dungeon.
             The game lasted 00:04:27 (1919 turns).

DildoBatman the Sneak (Formicid Enchanter)          Turns: 1919, Time: 00:04:27

Health: -1/35      AC:  3    Str: 14    XL:     4   Next: 14%
Magic:  6/7        EV: 12    Int: 14    God:
Gold:   68         SH:  0    Dex: 11    Spells: 3/7 levels left

rFire    + . .     SeeInvis +   a - +1 dagger
rCold    x . .     Gourm    .   (no shield)
rNeg     . . .     Faith    .   j - +0 robe
rPois    .         Spirit   .   (helmet unavailable)
rElec    .         Reflect  .   (no cloak)
rCorr    .         Harm     .   n - +0 pair of gloves
MR       .....                  (no boots)
Stlth    ++........             (no amulet)
HPRegen  0.11/turn              m - ring of fire
MPRegen  0.10/turn              (no ring)

@: no status effects
A: permanent stasis, dig shafts and tunnels, four strong arms, antennae 3
a: Dig, Shaft Self


You were on level 1 of the Dungeon.
You were not hungry.

You visited 1 branch of the dungeon, and saw 2 of its levels.

You collected 68 gold pieces.

Inventory:

Hand Weapons
 a - a +1 dagger (weapon)
 b - a +0 short sword
Armour
 i - a +0 scale mail
 j - a +0 robe (worn)
 n - a +0 pair of gloves (worn)
Jewellery
 m - a ring of fire (left hand)
Scrolls
 e - 5 scrolls of enchant armour {unknown}
 f - a scroll of fog {unknown}
 g - 3 scrolls of identify {unknown}
 k - a scroll of remove curse {unknown}
Potions
 d - a potion of mutation {unknown}
 l - a potion of curing {unknown}
 o - a potion of brilliance {unknown}
Books
 c - a book of Maledictions

   Spells                             Type                      Level
   a - Corona                         Hexes                        1
   b - Ensorcelled Hibernation        Hexes/Ice                    2
   c - Confuse                        Hexes                        3
   d - Tukima's Dance                 Hexes                        3
   e - Dazzling Spray                 Conjuration/Hexes            3
Comestibles
 h - 5 chunks of flesh
 v - 5 rations


   Skills:
 - Level 3.1 Fighting
 - Level 1.0 Short Blades
 * Level 0.9 Armour
 - Level 2.0 Dodging
 * Level 3.9 Stealth
 - Level 2.1 Spellcasting
 - Level 3.6 Hexes


You had 3 spell levels left.
You knew the following spells:

 Your Spells              Type           Power        Failure   Level  Hunger
a - Corona                Hex            ##.....      5%          1    #......
b - Confuse               Hex            ##......     16%         3    ###....


Dungeon Overview and Level Annotations

Branches:
Dungeon (2/15)

Altars:

Annotations:
D:2 exclusion: adder


Innate Abilities, Weirdness & Mutations

You cannot be hasted, slowed, berserked, paralysed or teleported.
You can dig through walls and to a lower floor.
Your four strong arms can wield two-handed weapons with a shield.
You have a pair of large antennae on your head. (SInv)


Message History

The gnoll is lightly wounded.
The gnoll hits you with a whip!
You hit the gnoll.
The gnoll is lightly wounded.
The gnoll misses you.
You hit the gnoll but do no damage.
The gnoll is lightly wounded.
The gnoll hits you with a whip!
You hit the gnoll.
The gnoll is moderately wounded.
The gnoll hits you with a whip.
The gnoll stops glowing.
The gnoll hits you but does no damage.
You barely miss the gnoll.
The gnoll is moderately wounded.
The gnoll hits you with a whip!
You completely miss the gnoll.
The gnoll is moderately wounded.
The gnoll hits you with a whip.
You die...

###### .....#############
#.##.#...........#
.....#.#########.#
.....#.#########.#######
#.##.#............)....#
#.##.#..########@#####.#
.............# #g# #.#
#.##.#..####.# #.# #.#
#.##.#..# #.# #.# #.#
#.##)#..####.# #.# ##.##
..##.#.......###.# ##...##
#.##.....####.##.###.#.#.##
#.####...........>........#
#.............####.#.#.#..#


You could see a gnoll.

Vanquished Creatures
  A gnoll (D:1)
  A dart slug (D:1)
  3 leopard geckos (D:1)
  11 goblins
  6 hobgoblins
  3 bats (D:1)
  3 frilled lizards
  4 kobolds
  5 rats
37 creatures vanquished.

Vanquished Creatures (others)
  A plant (D:2)
1 creature vanquished.

Grand Total: 38 creatures vanquished

Notes
Turn   | Place    | Note
-------+----------+-------------------------------------------
     0 | D:1      | DildoBatman the Formicid Enchanter began the quest for the Orb.
     0 | D:1      | Reached XP level 1. HP: 13/13 MP: 3/3
   302 | D:1      | Reached skill level 1 in Fighting
   410 | D:1      | Reached XP level 2. HP: 17/21 MP: 3/5
  1007 | D:2      | Reached XP level 3. HP: 26/28 MP: 4/6
  1018 | D:2      | Learned a level 3 spell: Confuse
  1604 | D:1      | Reached XP level 4. HP: 35/35 MP: 4/7
  1919 | D:1      | Slain by a gnoll

Skill      XL: |  1  2  3  4 |
---------------+-------------+-----
Fighting       | 1 2 3 |  3.1
Dodging        | 2 |  2.0
Short Blades   | |  1.0
Armour         | |  0.9
Stealth        | |  3.9
Spellcasting   | |  2.1
Hexes          | |  3.6

Action                   |  1- 3 |  4- 6 || total
-------------------------+-------+-------++-------
Melee: Dagger            |    83 |    28 ||   111
 Cast: Corona            |    26 |     6 ||    32
 Abil: Dig               |     2 |       ||     2
 Stab: Sleeping          |     3 |     1 ||     4
  Eat: Chunk             |     3 |     1 ||     4
Armor: Robe              |     7 |     3 ||    10
       Scale mail        |     4 |       ||     4
Dodge: Dodged            |    50 |     9 ||    59
